 Dungeon Crawl Stone Soup version 0.27.1 (webtiles) character file.

Game seed: 17463837834287736898

10678 mainiacjoe the Magician (level 11, -2/78 HPs)
             Began as a Djinni Arcane Marksman on Aug 22, 2021.
             Was a Priest of Makhleb.
             Slain by a blink frog (11 damage)
             ... on level 2 of the Lair of Beasts.
             The game lasted 00:41:11 (15335 turns).

mainiacjoe the Magician (Djinni Arcane Marksman)   Turns: 15335, Time: 00:41:12

Health: -2/78      AC:  9    Str:  9    XL:     11   Next: 97%
Gold:   186        EV: 12    Int: 29    God:    Makhleb [***...] SH: 10 Dex: 15

rFire    + + .     SeeInvis .   a - +1 whip (elec)
rCold    . . .     Faith    .   W - +0 buckler
rNeg     . . .     Spirit   .   j - +0 ring mail
rPois    ∞         Reflect  +   Q - +2 hat "Qenweus" {Int+6}
rElec    .         Harm     .   J - +0 cloak
rCorr    .         Rampage  .   E - +0 pair of gloves
Will     +....                  (boots unavailable)
Stlth    +++.......             T - amulet of reflection
HPRegen  0.23/turn              p - ring of protection from cold
MPRegen  0.00/turn              t - +6 ring of intelligence {=R}

@: flying
A: sickness immunity, fire resistance 2, cold vulnerability 1, float, innate
caster, hp casting, extra vitality 1
a: Renounce Religion, Minor Destruction, Lesser Servant of Makhleb


You were on level 2 of the Lair of Beasts.
You worshipped Makhleb.
Makhleb was most pleased with you.
You visited 3 branches of the dungeon, and saw 13 of its levels.

You collected 576 gold pieces.
You spent 390 gold pieces at shops.

Inventory:

Hand Weapons
 a - a +1 whip of electrocution (weapon)
 b - a +2 hunting sling of flaming
 o - a +0 hunting sling
 C - a +3 hand axe
 M - a +0 quarterstaff
 O - a +2 vorpal falchion
 R - a +0 quick blade
Missiles
 c - 36 sling bullets
 e - 276 stones
 i - 72 poisoned darts (quivered)
 v - 77 bolts
 w - 5 javelins
 y - 12 boomerangs
 G - 231 arrows
 L - 13 atropa-tipped darts {=F}
Armour
 d - a +0 robe
 j - a +0 ring mail (worn)
 r - a +0 scale mail
 x - a +0 helmet
 E - a +0 pair of gloves (worn)
 F - a +0 leather armour
 J - a +0 cloak (worn)
 Q - the +2 hat "Qenweus" (worn) {Int+6}
   (You found it on level 7 of the Dungeon)

   Int:       It affects your intelligence (+6).
 W - a +0 buckler (worn)
Jewellery
 n - a ring of wizardry
 p - a ring of protection from cold (left hand)
 t - a +6 ring of intelligence (right hand) {=R}
 T - an amulet of reflection (around neck)
Wands
 m - a wand of acid (22)
 I - a wand of iceblast (16)
 V - a wand of flame (10)
Scrolls
 h - a scroll of silence
 k - a scroll of fear
 q - a scroll of enchant armour {unknown}
 s - a scroll of enchant weapon
 H - a scroll of brand weapon {unknown}
 K - 4 scrolls of vulnerability
 N - 2 scrolls of magic mapping
 U - 2 scrolls of noise {unknown}
Potions
 f - a potion of curing
 g - 6 potions of heal wounds
 l - a potion of brilliance {unknown}
 u - 2 potions of resistance
 z - a potion of mutation {unknown}
 A - 3 potions of attraction
 B - a potion of flight {unknown}
 D - 2 potions of lignification {unknown}
 P - a potion of might {unknown}
 S - a potion of invisibility {unknown}
Miscellaneous
 X - a lightning rod (2/4)


   Skills:
 + Level 6.6 Fighting
 - Level 6.0 Maces & Flails
 - Level 2.0 Slings
 - Level 6.0 Dodging
 - Level 6.0 Stealth
 - Level 4.0 Shields
 * Level 6.7 Spellcasting
 - Level 6.0 Invocations
 - Level 6.0 Evocations


You couldn't memorise any spells.
You knew the following spells:

 Your Spells              Type           Power      Damage    Failure   Level
a - Frozen Ramparts       Ice            98%        1d11      2%          3
b - Slow                  Hex            49%        N/A       1%          2
c - Inner Flame           Hex/Fire       49%        N/A       2%          3
d - Poisonous Vapours     Pois/Air       98%        N/A       1%          2
e - Cause Fear            Hex            24%        N/A       9%          4
f - Dazzling Flash        Conj/Hex       98%        N/A       2%          3
g - Apportation           Tloc           98%        N/A       1%          1
h - Hailstorm             Conj/Ice       49%        3d11      9%          4
p - Portal Projectile     Hex/Tloc       98%        N/A       2%          3
r - Corona                Hex            54%        N/A       1%          1
Your spell library was empty.

Dungeon Overview and Level Annotations

Branches:
Dungeon (10/15)            Temple (1/1) D:4            Lair (1/6) D:10
    Orc: D:9-12

Altars:
Ashenzari
Cheibriados
Dithmenos
Elyvilon
Fedhas
Gozag
Hepliaklqana
Kikubaaqudgha
Makhleb
Nemelex Xobeh
Okawaru
Qazlal
Ru
Sif Muna
Trog
Uskayaw
Vehumet
Wu Jian
Xom
Yredelemnul
Zin
The Shining One

Shops:
D:2 =


Innate Abilities, Weirdness & Mutations

You are immune to sickness and miasma.
You are immune to poison.
Your flesh is very heat resistant. (rF++)
You are vulnerable to cold. (rC-)
You float through the air rather than walking.
You learn spells naturally, not from books.
Your magical power is your life essence.
You have superior vitality. (+4 HP)


Message History

The cane toad is almost dead.
You hit the cane toad.
Lightning courses through the cane toad!
You kill the cane toad!
Makhleb accepts your kill.
You feel better.
The frozen ramparts melt away as you move.
A naga comes into view. It is wielding a +0 hand axe.
You see here a cane toad corpse.
A blink frog comes into view.
The blink frog moves out of view.
A blink frog comes into view.
Okay, then.
Casting: Frozen Ramparts (mildly dangerous; 2% risk of failure)
Confirm with . or Enter, or press ? or * to list all spells.
The naga looks frightened!
The blink frog looks frightened!
* * * LOW HITPOINT WARNING * * *
The blink frog blinks!
The naga wails, "Oh dear!
Oh dear!"
Unknown command.
A blink frog comes into view.
A blink frog is nearby!
You start resting.
A blink frog is nearby!
You see here a cane toad corpse.
You see here a wolf corpse.
Aiming: Corrosive Bolt
Press: ? - help, Shift-Dir - straight line, f - you
Okay, then.
You see here a cane toad corpse.
The blink frog hits you but does no damage.
The blink frog croaks. x2
You hit the blink frog.
Lightning courses through the blink frog!
The blink frog is heavily wounded.
You hear a croak.
The blink frog hits you!
* * * LOW HITPOINT WARNING * * *
The blink frog hits you!
You die...

#.#.#.#
###.###
#.N.#
#..##
##.#
#†.#
##.#
#†##
#@.#
#F.#
##.##
#...#
#...#
##F##
.F#
##..
....


You could see 3 blink frogs and a naga.

Vanquished Creatures
  A two-headed ogre (D:9)
  Pikel (D:6)
  4 cane toads (Lair:2)
  A freezing wraith (D:9)
  An unseen horror (D:10)
  2 komodo dragons (Lair:2)
  A hornet (D:9)
  A polar bear (Lair:2)
  A blink frog (Lair:2)
  A wraith (D:9)
  9 yaks
  2 wyverns
  A basilisk (D:10)
  2 nagas (Lair:2)
  9 water moccasins
  Duvessa (D:4)
  5 orc warriors
  3 necrophages
  An ogre (D:5)
  6 wolves (Lair:2)
  4 centaurs
  6 bullfrogs
  A wyvern zombie (D:6)
  Dowan (D:4)
  9 wights
  A killer bee (D:4)
  4 howler monkeys
  A centaur skeleton (D:7)
  2 centaur zombies
  A gnoll shaman (D:7)
  A hound (D:5)
  5 orc priests
  2 iguanas
  6 orc wizards
  2 killer bee zombies
  2 howler monkey zombies (D:10)
  Robin (D:3)
  7 gnolls
  3 adders (D:6)
  A worm (D:3)
  2 dart slugs
  22 orcs
  5 bats
  9 endoplasms
  4 giant cockroaches
  19 goblins
  11 hobgoblins
  A jackal (D:4)
  3 quokkas
  3 ball pythons
  6 frilled lizards
  10 kobolds
  5 rats
213 creatures vanquished.

Vanquished Creatures (others)
  A bush (D:10)
  24 fungi
  36 plants
61 creatures vanquished.

Grand Total: 274 creatures vanquished

Notes
Turn   | Place    | Note
-------+----------+-------------------------------------------
     0 | D:1      | mainiacjoe the Djinni Arcane Marksman began the quest for
                  | the Orb.
     0 | D:1      | Reached XP level 1. HP: 17/17 MP: 0/0
    68 | D:1      | Reached XP level 2. HP: 17/22 MP: 0/0
   806 | D:1      | Reached XP level 3. HP: 27/27 MP: 0/0
   806 | D:1      | Learned a level 1 spell: Apportation
  1199 | D:1      | Found a faded altar of an unknown god.
  1890 | D:2      | Found Anury's Jewellery Shoppe.
  1917 | D:2      | Reached XP level 4. HP: 33/33 MP: 0/0
  2567 | D:3      | Noticed Robin
  2612 | D:3      | Killed Robin
  3620 | D:4      | Found a staircase to the Ecumenical Temple.
  3642 | Temple   | Entered the Ecumenical Temple
  3915 | Temple   | Became a worshipper of Makhleb the Destroyer
  4092 | D:4      | Noticed Duvessa
  4094 | D:4      | Noticed Dowan
  4153 | D:4      | Killed Duvessa
  4154 | D:4      | Reached XP level 5. HP: 9/38 MP: 0/0
  4154 | D:4      | Learned a level 2 spell: Poisonous Vapours
  4154 | D:4      | Reached XP level 6. HP: 11/43 MP: 0/0
  4630 | D:4      | Found a sacrificial altar of Ru.
  4689 | D:4      | Found a hide-covered altar of Uskayaw.
  5068 | D:4      | Found a staircase to the Ecumenical Temple.
  5157 | D:4      | Found a hide-covered altar of Uskayaw.
  5203 | D:4      | Found a sacrificial altar of Ru.
  5287 | D:4      | Killed Dowan
  5665 | D:5      | Entered Level 5 of the Dungeon
  5666 | D:5      | Noticed an ogre
  5689 | D:5      | Killed an ogre
  5690 | D:5      | Reached skill level 5 in Spellcasting
  5690 | D:5      | Reached XP level 7. HP: 16/48 MP: 0/0
  5690 | D:5      | Learned a level 3 spell: Frozen Ramparts
  6151 | D:5      | Found a glowing silver altar of Zin.
  6153 | D:5      | Found an ornate altar of the Wu Jian Council.
  6220 | D:5      | Found an iron altar of Okawaru.
  6482 | D:6      | Noticed Pikel
  6491 | D:6      | Killed Pikel
  6492 | D:6      | Reached XP level 8. HP: 51/56 MP: 0/0
  8206 | D:7      | Identified the +2 hat "Qenweus" {Int+6}
  8231 | D:7      | Reached XP level 9. HP: 55/63 MP: 0/0
  8231 | D:7      | Learned a level 3 spell: Dazzling Flash
  8427 | D:7      | Reached * piety under Makhleb
  8428 | D:7      | Reached skill level 5 in Maces & Flails
  8493 | D:7      | Reached skill level 5 in Fighting
  8896 | D:7      | Found a broken altar of Ashenzari.
  9079 | D:2      | Bought an amulet of reflection for 390 gold pieces
 10284 | D:9      | Reached skill level 5 in Dodging
 10319 | D:9      | Reached XP level 10. HP: 32/72 MP: 0/0
 10576 | D:9      | Reached ** piety under Makhleb
 10668 | D:9      | Reached skill level 1 in Invocations
 11294 | D:9      | Reached skill level 5 in Invocations
 11704 | D:10     | Entered Level 10 of the Dungeon
 11735 | D:10     | Reached skill level 1 in Stealth
 11735 | D:10     | Reached skill level 1 in Evocations
 11944 | D:10     | Found a staircase to the Lair.
 11944 | D:10     | Noticed a freezing wraith
 11967 | D:10     | Noticed a two-headed ogre
 12303 | D:9      | HP: 1/72 [orc warrior (10)]
 12360 | D:8      | HP: 1/72 [wyvern (12)]
 12840 | D:9      | Killed a freezing wraith
 13418 | D:9      | Killed a two-headed ogre
 13419 | D:9      | Reached XP level 11. HP: 42/76 MP: 0/0
 13419 | D:9      | Learned a level 4 spell: Hailstorm
 13774 | D:9      | Reached skill level 5 in Evocations
 13912 | D:10     | Reached skill level 5 in Stealth
 14380 | D:10     | Found a blossoming altar of Fedhas.
 14697 | D:10     | Found a glowing golden altar of the Shining One.
 14786 | Lair:1   | Entered Level 1 of the Lair of Beasts
 14852 | Lair:1   | You are sucked into a shaft and drop 1 floor!
 14861 | Lair:2   | Reached skill level 1 in Shields
 15054 | Lair:2   | Reached *** piety under Makhleb
 15335 | Lair:2   | Slain by a blink frog

Illustrated notes

Levels and vault maps discovered:
D:1:      lightli_molten_gateway, layout_loops_ring,
          ebering_ecumenical_altar_hall, st_stairs_11, serial_park_tiny_pond,
          minivault_5, minmay_small_reverse_x
D:2:      layout_loops_ring, serial_shops, shop, grunt_ministairs_3
D:3:      layout_loops_ring, serial_bayou_pond_b, uniq_robin
D:4:      layout_basic, nicolae_ru_sacrificial_ziggurat,
          mainiacjoe_overflow_surrounded_room,
          minmay_temple_entry_drinking_statues, st_stairs_11,
          kennysheep_small_circle, uniq_duvessa
D:5:      layout_basic, grunt_temple_overflow_open, mrwooster_statue_mirror,
          minmay_misc_feat_x
D:6:      layout_layer_cave, kennysheep_cluttered_room, uniq_pikel
D:7:      layout_loops_ring, nicolae_overflow_crystal_walls
D:8:      layout_basic
D:9:      layout_loops_ring
D:10:     layout_cave_pools, fedhas_bush_and_centaur_altar, old_standard_altar,
          tso_metal_star, minmay_lair_entry_grove
Temple:   oiseaux_autumnal_temple
Lair:1:   layout_cave_shapes
Lair:2:   layout_loops_ring, minmay_snake_entry_guardpost_medium,
          beast_lair_carwin_1

Skill      XL: |  1  2  3  4  5  6  7  8  9 10 11 |
---------------+----------------------------------+-----
Slings         | 2 |  2.0
Spellcasting   | 4 5 6 |  6.7
Fighting       | 3 4 6 |  6.6
Maces & Flails | 2 4 6 |  6.0
Dodging        | 5 6 |  6.0
Invocations    | 6 |  6.0
Stealth        | 3 6 |  6.0
Evocations     | 4 6 |  6.0
Shields        | 4 |  4.0

Action                   |  1- 3 |  4- 6 |  7- 9 | 10-12 || total
-------------------------+-------+-------+-------+-------++-------
Melee: Hand axe          |    51 |    36 |       |       ||    87
       Falchion          |       |       |     5 |       ||     5
       Whip              |       |       |    60 |   130 ||   190
       Hunting sling     |       |       |       |     1 ||     1
 Fire: Hunting sling     |    32 |    75 |   108 |    96 ||   311
Throw: Stone             |     5 |       |       |       ||     5
       Dart              |    52 |    13 |    48 |    17 ||   130
       Javelin           |       |     3 |       |       ||     3
 Cast: Inner Flame       |       |     7 |    23 |    37 ||    67
       Slow              |       |     3 |     3 |    10 ||    16
       Poisonous Vapours |       |     5 |    11 |    30 ||    46
       Frozen Ramparts   |       |       |     7 |     8 ||    15
       Portal Projectile |       |       |     1 |     1 ||     2
       Cause Fear        |       |       |       |     5 ||     5
       Corona            |       |       |       |     2 ||     2
       Hailstorm         |       |       |       |     4 ||     4
Invok: Minor Destruction |       |       |       |     1 ||     1
Evoke: Lightning rod     |       |       |       |     2 ||     2
  Use: Scroll            |       |     3 |     5 |     5 ||    13
       Potion            |       |       |       |     2 ||     2
Armor: Robe              |     7 |       |       |       ||     7
       Ring mail         |    17 |     3 |    22 |   101 ||   143
       Scale mail        |       |    22 |       |       ||    22
Dodge: Dodged            |    38 |    26 |    37 |   126 ||   227
Block: Other             |       |       |     8 |    49 ||    57
       Reflection        |       |       |     1 |     3 ||     4
       Buckler           |       |       |       |    33 ||    33
       Rpst.: Falchion   |       |       |     1 |       ||     1
